 Dungeon Crawl Stone Soup version 0.31.0-9-g3a7656b989 (webtiles) character file.

Game seed: 456708756154128359

27 qw the Shooter (level 2, 0/14 HPs)
             Began as a Spriggan Hunter on Feb 2, 2024.
             Succumbed to their own poison gas
             ... on level 1 of the Dungeon.
             The game lasted 00:00:02 (711 turns).

qw the Shooter (Spriggan Hunter)                     Turns: 711, Time: 00:00:02

Health: 0/14       AC:  2    Str:  7    XL:     2   Next: 93%
Magic:  3/3        EV: 19    Int: 10    God:
Gold:   22         SH:  0    Dex: 18    Spells: 1/1 levels left

rFire   . . .        a - +0 shortbow
rCold   . . .        (shield currently unavailable)
rNeg    . . .        c - +0 robe
rPois   .            (helmet restricted)
rElec   .            (no cloak)
rCorr   .            (gloves unavailable)
SInv    +            (boots unavailable)
Will    .....        (no amulet)
Stlth   ++           (no ring)
HPRegen 0.22/turn    (no ring)
MPRegen 0.08/turn

%: no passive effects
@: lethally poisoned (0 -> -2), very quick
A: very small, no large weapons, unfitting armour, see invisible, speed 3
a: no special abilities


You were on level 1 of the Dungeon.
You visited 1 branch of the dungeon, and saw 1 of its levels.

You collected 22 gold pieces.


Innate Abilities, Weirdness & Mutations

You are very small and have problems with some larger weapons.
You are too small for most types of armour.
You have supernaturally acute eyesight. (SInv)
You cover ground extremely quickly. (Speed+++)


   Skills:
 - Level 1.5 Fighting
 + Level 4.4 Ranged Weapons
 - Level 4.0 Dodging
 - Level 1.5 Stealth


You had one spell level left.
You didn't know any spells.
Your spell library was empty.

Inventory:

Hand Weapons
 a - a +0 shortbow (weapon)
Armour
 c - a +0 robe (worn)

Dungeon Overview and Level Annotations

Branches:
Dungeon (1/15)

Altars:

Annotations:
D:1 2 transporters


Message History

Partly explored, unvisited transporter.
702 ||| READING scroll labelled LES CIKHESTY.
The air fills with toxic fumes!
As you read the scroll labelled LES CIKHESTY, it crumbles to dust.
It was a scroll of poison.
Partly explored, unvisited transporter.
703 ||| DROPPING scroll of butterflies.
You drop a scroll of butterflies.
Partly explored, unvisited transporter.
704 ||| DROPPING scroll of silence.
You drop a scroll of silence.
Partly explored, unvisited transporter.
What level of the Dungeon? (default 1, ? - help) Sorry, I don't know how to get there.
Enter note:
Enter note:
Enter note:
Enter note:
Enter note:
Enter note:
Enter note:
Enter note:
Enter note: You enter the shallow water.
Moving in this stuff is going to be slow.
You are engulfed in poison gas.
You are poisoned.
You feel sick.
706 ||| Stepping ~*~*~tactically~*~*~ (cloud).
You feel sick.
Things that are here:
a scroll of silence; a scroll of butterflies
There is a lethal amount of poison in your body!
You feel sick.
There is a lethal amount of poison in your body!
You feel sick.
There is a lethal amount of poison in your body!
You feel sick.
There is a lethal amount of poison in your body!
You feel sick.
There is a lethal amount of poison in your body!
You die...

.#.#..#.#..#.........# #.#...#..
....###.#..#..0¤¤00¤¤# #.###....
........#..#..00¤0¤¤¤####.# ##...
....#####..#.##¤00¤0000##.# ##..
...........#.#0¤¤¤¤00¤¤~#.######.
....###....#.#¤¤0¤00¤00~~......))
....# #.####.#¤0¤¤00¤¤¤~~####....
....###.# #.#00¤0¤¤¤00~~## #....
.....##.# #.#0¤@¤0¤0¤¤~~~# #....
.....##.# #.#0¤¤¤700¤¤~~~# #####
#....##.## #.#¤00¤0¤~¤¤~~~## #
#........# #.#¤¤¤0¤00~~~~~~#
#####....# #.##0¤¤0¤¤¤¤~~~~# ####
#....# #.##¤¤¤¤¤¤¤7.~~~# #...
#....# #.##¤0¤¤¤0¤0^.~~# #...
#....# #.###~~~~~...~~~# #...
#....###)###~~~~~~.~~~~# #...


There were no monsters in sight!

Vanquished Creatures
  5 ball pythons (D:1)
  2 endoplasms (D:1)
  3 giant cockroaches (D:1)
  4 hobgoblins (D:1)
  2 kobolds (D:1)
  A quokka (D:1)
  2 frilled lizards (D:1)
  3 goblins (D:1)
  A rat (D:1)
23 creatures vanquished.

Notes
Turn   | Place    | Note
-------+----------+-------------------------------------------
     0 | D:1      | qw the Spriggan Hunter began the quest for the Orb.
     0 | D:1      | Reached XP level 1. HP: 10/10 MP: 2/2
     0 | D:1      | 0 ||| qw: Version: 0.3-a-155-g5e7d8dd
     0 | D:1      | 0 ||| qw: Game counter: 2456
     0 | D:1      | 0 ||| qw: Melee chars always use a shield: true
     0 | D:1      | 0 ||| qw: God list: Okawaru
     0 | D:1      | 0 ||| qw: Allow faded altars: false
     0 | D:1      | 0 ||| qw: Do Orc after clearing Dungeon:15 true
     0 | D:1      | 0 ||| qw: Do second Lair branch before Depths: true
     0 | D:1      | 0 ||| qw: Lair rune preference: random
     0 | D:1      | 0 ||| qw: Goals: Normal
     0 | D:1      | 0 ||| PLANNING D:1-11
    37 | D:1      | Reached skill level 3 in Dodging
   119 | D:1      | Reached XP level 2. HP: 14/14 MP: 3/3
   700 | D:1      | 700 ||| READING scroll labelled UNOKAXZ OKAMIQI.
   700 | D:1      | 700 ||| IDENTIFYING scroll labelled XIRUNIOFA VUKAE
   701 | D:1      | 701 ||| READING scroll labelled CIALOPR GEAT.
   702 | D:1      | 702 ||| READING scroll labelled LES CIKHESTY.
   703 | D:1      | 703 ||| DROPPING scroll of butterflies.
   704 | D:1      | 704 ||| DROPPING scroll of silence.
   706 | D:1      | 706 ||| Stepping ~*~*~tactically~*~*~ (cloud).
   707 | D:1      | HP: 3/14 [poisoned by you (poison gas)]
   710 | D:1      | HP: 1/14 [poisoned by you (poison gas)]
   711 | D:1      | Succumbed to their own poison gas

Levels and vault maps discovered:
D:1:      spicycebolla_arrival_transporter_tutorial, layout_basic, minivault_27

Skill      XL: |  1  2 |
---------------+-------+-----
Dodging        | 3 4 |  4.0
Fighting       | |  1.5
Ranged Weapons | |  4.4
Stealth        | |  1.5

Action                     || total
---------------------------++-------
   Fire: Shortbow          ||    67
    Use: Scroll            ||     3
 Armour: Robe              ||     1
  Dodge: Dodged            ||    16

Table legend:
 A = Non-vault XP
 B = Vault XP
 C = Vault XP percentage of total XP
 D = Non-vault monster count
 E = Vault monster count
 F = Vault count percentage of total count
                 A         B        C        D         E       F
            +---------+---------+-------+---------+---------+-------
      Total |      39 |       0 |   0.0 |      23 |       0 |   0.0
            +---------+---------+-------+---------+---------+-------
        D:1 |      39 |       0 |   0.0 |      23 |       0 |   0.0
            +---------+---------+-------+---------+---------+-------
